 Dungeon Crawl Stone Soup version 0.24.1-8-ga250c9d538 (webtiles) character file.

Game seed: 17597035457590420134, levelgen mode: deterministic

65 Curus the Poker (level 3, 0/31 HPs)
             Began as a Minotaur Abyssal Knight on Apr 30, 2020.
             Was a Believer of Lugonu.
             Slain by a gnoll
             ... wielding a +0 spear
              (4 damage)
             ... on level 3 of the Dungeon.
             The game lasted 00:12:09 (1323 turns).

Curus the Poker (Minotaur Abyssal Knight)           Turns: 1323, Time: 00:12:10

Health: 0/31       AC:  4    Str: 16    XL:     3   Next: 92%
Magic:  4/4        EV: 11    Int:  9    God:    Lugonu [**....]
Gold:   147        SH:  0    Dex: 10    Spells: 2/2 levels left

rFire    . . .     SeeInvis +   a - +1 spear
rCold    . . .     Gourm    .   (no shield)
rNeg     . . .     Faith    .   b - +1 leather armour
rPois    .         Spirit   .   (helmet restricted)
rElec    .         Reflect  .   (no cloak)
rCorr    .         Harm     .   (no gloves)
MR       .....                  (no boots)
Stlth    +.........             (no amulet)
HPRegen  0.10/turn              d - ring of see invisible
MPRegen  0.09/turn              j - ring of flight

@: no status effects
A: retaliatory headbutt, horns 2
a: Depart the Abyss, Bend Space, Renounce Religion, Evoke Flight


You were on level 3 of the Dungeon.
You worshipped Lugonu.
Lugonu was pleased with you.
You were not hungry.

You visited 1 branch of the dungeon, and saw 3 of its levels.
You visited the Abyss 1 time.

You collected 147 gold pieces.

Inventory:

Hand Weapons
 a - a +1 spear (weapon)
Armour
 b - a +1 leather armour (worn)
Jewellery
 d - a ring of see invisible (left hand)
 j - a ring of flight (right hand)
Scrolls
 e - a scroll of magic mapping
 g - a scroll of remove curse
 h - 3 scrolls of identify
Potions
 f - a potion of brilliance
Comestibles
 c - 5 rations


   Skills:
 - Level 3.6 Fighting
 + Level 4.0 Polearms
 - Level 2.4 Armour
 - Level 1.1 Dodging
 + Level 3.2 Invocations


You had 2 spell levels left.
You didn't know any spells.
Your spell library was empty.

Dungeon Overview and Level Annotations

Branches:
Dungeon (3/15)

Altars:
Gozag
Nemelex Xobeh
Ru
Uskayaw
Wu Jian


Innate Abilities, Weirdness & Mutations

You reflexively headbutt those who attack you in melee.
You have a pair of horns on your head.


Message History

The gnoll is severely wounded.
The gnoll hits you from afar with a +0 halberd!
* * * LOW HITPOINT WARNING * * *
Attack whom?
Press: ? - help, Dir - move target cursor, f/p - gnoll
Aim: a gnoll, wielding a +0 halberd (severely wounded)
You reach to attack!
You hit the gnoll.
You kill the gnoll!
Lugonu accepts your kill.
Your Polearms skill increases to level 4!
Found 9 gold pieces.
The gnoll hits you but does no damage.
Attack whom?
Press: ? - help, Dir - move target cursor, f - gnoll
Aim: a gnoll, wielding a +0 spear You reach to attack!
You closely miss the gnoll.
The gnoll hits you from afar with a +0 spear.
* * * LOW HITPOINT WARNING * * *
The gnoll hits you from afar with a +0 spear.
You die...

.#.#..8._.8...#######
...#...8.8......g...#
........8....#)####.#
#####..........# .#)#
.....[.......... .#.#
############.##.#.#.#
..# #. ...#.# #.# ##
#.##.# ..# #@##g# ###
#..#g# ##g#.# #...#
##........ #........
#.$##.##. ##.# .# ..#
#


You could see a gnoll.

Vanquished Creatures
  2 gnolls (D:3)
  2 adders (D:2)
  An ooze (D:1)
  A worm (D:3)
  A leopard gecko (D:2)
  3 bats
  2 giant cockroaches (D:3)
  A hobgoblin (D:2)
  2 goblins (D:2)
  5 kobolds
  2 rats
22 creatures vanquished.

Notes
Turn   | Place    | Note
-------+----------+-------------------------------------------
     0 | Abyss:1  | Curus the Minotaur Abyssal Knight began the quest for the
                  | Orb.
     0 | Abyss:1  | Reached XP level 1. HP: 19/19 MP: 1/1
    39 | D:1      | Escaped the Abyss
   132 | D:1      | Found a sparkling altar of Nemelex Xobeh.
   557 | D:1      | Reached skill level 3 in Polearms
   557 | D:1      | Reached XP level 2. HP: 26/26 MP: 2/2
   750 | D:2      | Found an ornate altar of the Wu Jian Council.
   751 | D:2      | Found a sacrificial altar of Ru.
   754 | D:2      | Found a hide-covered altar of Uskayaw.
   755 | D:2      | Found an opulent altar of Gozag.
   755 | D:2      | Found a sparkling altar of Nemelex Xobeh.
   963 | D:2      | Reached XP level 3. HP: 29/31 MP: 4/4
  1185 | D:3      | Found a faded altar of an unknown god.
  1187 | D:3      | Reached ** piety under Lugonu
  1311 | D:3      | Reached skill level 4 in Polearms
  1323 | D:3      | Slain by a gnoll

Levels and vault maps discovered:
D:1:      elethiomel_arrival_infinity_welcomes_careful_drivers,
          layout_loops_cross, nemelex_xobeh_ov_fountains_minmay
D:2:      layout_rooms, grunt_temple_overflow_open, eino_tiny_chamber,
          minmay_misc_feat_tiny
D:3:      kennysheep_big_flooded_room, layout_basic,
          chequers_ecumenical_altar_simple_redux

Skill      XL: |  1  2  3 |
---------------+----------+-----
Invocations    | 2 3 |  3.2
Polearms       | 3 4 |  4.0
Fighting       | |  3.6
Armour         | |  2.4
Dodging        | |  1.1

Action                   || total
-------------------------++-------
Melee: Spear             ||    65
       Headbutt          ||     1
  Use: Scroll            ||     6
       Potion            ||     6
  Eat: Chunk             ||     1
Armor: Leather armour    ||    12
Dodge: Dodged            ||    23
